 Dungeon Crawl Stone Soup version 0.30-a0-134-gb40fab5c76 (webtiles) character file.

Game seed: 10220194889720297068

67 NinjaNoafa the Chopper (level 4, -1/33 HPs)
             Began as a Human Wanderer on Sept 19, 2022.
             Slain by an orc
             ... wielding a +0 falchion
              (7 damage)
             ... on level 3 of the Dungeon.
             The game lasted 00:02:12 (1154 turns).

NinjaNoafa the Chopper (Human Wanderer)             Turns: 1154, Time: 00:02:13

Health: -1/33      AC:  5    Str: 19    XL:     4   Next: 40%
Magic:  4/4        EV: 10    Int: 11    God:
Gold:   34         SH:  0    Dex:  9    Spells: 3/3 levels left

rFire   . . .      SeeInvis .    a - +2 hand axe (freeze)
rCold   . . .      Faith    .    (no shield)
rNeg    . . .      Spirit   .    f - +0 ring mail
rPois   +          Reflect  .    (no helmet)
rElec   .          Harm     .    (no cloak)
rCorr   .          Rampage  .    (no gloves)
Will    .....                    (no boots)
Stlth   ..........               (no amulet)
HPRegen 0.11/turn                (no ring)
MPRegen 0.09/turn                (no ring)

@: silenced
A: poison resistance, subdued magic 1
a: no special abilities


You were on level 3 of the Dungeon.
You visited 1 branch of the dungeon, and saw 3 of its levels.

You collected 54 gold pieces.
You spent 20 gold pieces at shops.

Inventory:

Hand Weapons
 a - a +2 hand axe of freezing (weapon)
Missiles
 b - 3 atropa-tipped darts
 g - 12 stones
Armour
 f - a +0 ring mail (worn)
Wands
 c - a wand of polymorph (4) (quivered)
Scrolls
 j - a scroll of immolation
 k - 3 scrolls of amnesia {unknown}


   Skills:
 - Level 2.0 Fighting
 + Level 3.5 Axes
 - Level 2.0 Staves
 + Level 2.4 Armour
 - Level 1.0 Dodging
 - Level 2.0 Evocations


You had 3 spell levels left.
You didn't know any spells.
Your spell library was empty.

Dungeon Overview and Level Annotations

Branches:
Dungeon (2/15)

Altars:

Shops:
D:1 *


Innate Abilities, Weirdness & Mutations

Your system is resistant to poisons. (rPois)
Your spells are a little easier to cast, but a little less powerful.


Message History

The orc wizard hits you but does no damage.
The orc hits you with a +0 dagger.
Okay, then.
You barely miss the orc. You closely miss the orc wizard.
The orc barely misses you. The orc wizard closely misses you.
As you read the scroll of silence, it crumbles to dust.
A profound silence engulfs you. The orc hits you with a +0 dagger.
The orc wizard hits you but does no damage.
You hit the orc. You freeze the orc.
The orc is almost dead.
You hit the orc wizard. You freeze the orc wizard.
The orc hits you with a +0 dagger. The orc wizard closely misses you.
You hit the orc wizard. You freeze the orc wizard.
The orc wizard is heavily wounded.
You hit the orc. You freeze the orc.
You kill the orc!
The orc wizard hits you but does no damage.
You aren't carrying any potions.
You hit the orc priest. You freeze the orc priest.
The orc priest is heavily wounded.
You hit the orc wizard. You freeze the orc wizard.
The orc priest hits you with a +0 club.
* * * LOW HITPOINT WARNING * * *
The orc wizard closely misses you.
You hit the orc priest. You freeze the orc priest.
You kill the orc priest!
You barely miss the orc wizard.
The orc wizard hits you but does no damage.
You have reached level 4!
You feel stronger.
You closely miss the orc wizard.
The orc wizard is severely wounded.
You hit the orc. You freeze the orc.
The orc wizard hits you with a +0 dagger.
* * * LOW HITPOINT WARNING * * *
The orc hits you with a +0 falchion.
* * * LOW HITPOINT WARNING * * *
The orc wizard hits you but does no damage.
The orc hits you with a +0 falchion!
You die...

...........####..........#
###........#...#......#
###........#.#.#......#
...........# #.#.....^#
....)).....# #.#......#
####.......# #.#......#
###........# #.#$.....#
....##.....# .$#......#
.....#.##.... #@######
####.#.# .<.. #oo......
.#.# ..# #o....... .#.# .#
#........ .# ........$ .#
#........ .# #........
#........


You could see an orc wizard and 2 orcs.

Vanquished Creatures
  An orc priest (D:3)
  An adder (D:3)
  A dart slug (D:1)
  3 orcs (D:3)
  A ball python (D:3)
  A bat (D:3)
  5 endoplasms
  2 giant cockroaches (D:1)
  2 goblins
  2 quokkas (D:1)
  A frilled lizard (D:1)
  3 rats (D:1)
23 creatures vanquished.

Notes
Turn   | Place    | Note
-------+----------+-------------------------------------------
     0 | D:1      | NinjaNoafa the Human Wanderer began the quest for the Orb.
     0 | D:1      | NinjaNoafa set off with the following items: a +2 hand axe,
                  | a +0 quarterstaff, a wand of polymorph (5), a scroll of
                  | silence, a +0 leather armour.
     0 | D:1      | Reached XP level 1. HP: 16/16 MP: 1/1
   122 | D:1      | Reached XP level 2. HP: 22/22 MP: 2/2
   566 | D:1      | Found Yffeete's General Store.
   571 | D:1      | Bought a scroll of identify for 20 gold pieces
   818 | D:2      | You fall into a shaft and drop 1 floor!
   831 | D:3      | Gained mutation: Your system is resistant to poisons.
                  | (rPois) [potion of mutation]
   831 | D:3      | Gained mutation: Your spells are a little harder to cast,
                  | but a little more powerful. [potion of mutation]
   831 | D:3      | Gained mutation: You have sharp toenails. [potion of
                  | mutation]
   834 | D:3      | Reached XP level 3. HP: 5/27 MP: 3/3
   835 | D:3      | Reached skill level 3 in Axes
  1141 | D:3      | Lost mutation: You have sharp toenails. [potion of
                  | mutation]
  1141 | D:3      | Lost mutation: Your spells are a little harder to cast, but
                  | a little more powerful. [potion of mutation]
  1141 | D:3      | Gained mutation: Your spells are a little easier to cast,
                  | but a little less powerful. [potion of mutation]
  1154 | D:3      | Reached XP level 4. HP: 8/33 MP: 4/4
  1154 | D:3      | Slain by an orc

Illustrated notes

Levels and vault maps discovered:
D:1:      eino_arrival_cavern_d, layout_loops_ring, serial_shops,
          nicolae_shop_temple_entry_statues_fountains
D:2:      layout_basic, basic_altar, serial_shops, shop, nicolae_shop_crystal,
          minmay_statues_item
D:3:      layout_basic, mainiacjoe_overflow_paths,
          dreamdust_ecumenical_altar_hidden_monk_grotto, uniq_sigmund

Skill      XL: |  1  2  3 |
---------------+----------+-----
Axes           | 3 |  3.5
Armour         | 2 |  2.4
Fighting       | |  2.0
Staves         | |  2.0
Dodging        | |  1.0
Evocations     | |  2.0

Action                   |  1- 3 |  4- 6 || total
-------------------------+-------+-------++-------
Melee: Hand axe          |    46 |     1 ||    47
       Punch             |     1 |       ||     1
       Kick              |     5 |       ||     5
Evoke: Wand              |     1 |       ||     1
  Use: Scroll            |     4 |       ||     4
       Potion            |     4 |       ||     4
Armor: Leather armour    |     1 |       ||     1
       Ring mail         |    23 |     1 ||    24
Dodge: Dodged            |    35 |       ||    35

Table legend: (Time is in decaauts)
 A = Elapsed time spent in this place.
 B = Non-inter-level travel time spent in this place.
 C = Inter-level travel time spent in this place.
 D = Time resting spent in this place.
 E = Time spent auto-exploring this place.
 F = Levels seen in this place.
 G = Mean time per level.
                   A        B        C        D        E       F      G
               +--------+--------+--------+--------+--------+-----+--------+
         Total |   1161 |   1140 |     21 |      0 |    941 |   3 |  387.0 |
       Dungeon |   1161 |   1140 |     21 |      0 |    941 |   3 |  387.0 |
               +--------+--------+--------+--------+--------+-----+--------+

Top non-repeatable levels by time:
     D:1: 822 daAuts
     D:3: 338 daAuts
